 Dungeon Crawl Stone Soup version 0.28.0-53-g5a82cb258f (webtiles) character file.

Game seed: 4777842579618412304

303 Zeld the Digger (level 6, -6/32 HPs)
             Began as a Gargoyle Earth Elementalist on May 26, 2022.
             Was an Initiate of Vehumet.
             Killed from afar by a steam dragon (20 damage)
             ... with a ball of steam
             ... on level 4 of the Dungeon.
             The game lasted 00:04:05 (4579 turns).

Zeld the Digger (Gargoyle Earth Elementalist)       Turns: 4579, Time: 00:04:06

Health: -6/32      AC:  6    Str: 11    XL:     6   Next: 38%
Magic:  0/12       EV: 11    Int: 18    God:    Vehumet [......]
Gold:   119        SH:  0    Dex: 10    Spells: 3/13 levels left

rFire   . . .      SeeInvis .   a - +1 whip (drain)
rCold   . . .      Faith    .   (no shield)
rNeg    + . .      Spirit   .   b - +0 robe
rPois   ∞          Reflect  .   (no helmet)
rElec   +          Harm     .   (no cloak)
rCorr   .          Rampage  .   (no gloves)
Will    .....                   (no boots)
Stlth   ++........              (no amulet)
HPRegen 0.10/turn               (no ring)
MPRegen 0.13/turn               (no ring)

@: very slightly contaminated
A: sickness immunity, AC +4, negative energy resistance 1, electricity
resistance, torment resistance 1, petrification resistance
a: Renounce Religion


You were on level 4 of the Dungeon.
You worshipped Vehumet.
Vehumet was noncommittal.
You visited 2 branches of the dungeon, and saw 5 of its levels.

You collected 119 gold pieces.

Inventory:

Hand Weapons
 a - a +1 whip of draining (weapon)
Missiles
 c - 19 stones
Armour
 b - a +0 robe (worn)
Scrolls
 d - 2 scrolls of enchant armour {unknown}
 g - 2 scrolls of amnesia {unknown}
 h - 3 scrolls of identify {unknown}
 l - 2 scrolls of torment {unknown}
 o - a scroll of fog {unknown}
Potions
 e - a potion of lignification {unknown}
 f - a potion of brilliance {unknown}
 i - a potion of mutation {unknown}
 j - a potion of heal wounds {unknown}
 m - 3 potions of curing {unknown}
 n - a potion of attraction {unknown}


   Skills:
 - Level 1.5 Dodging
 - Level 2.1 Stealth
 * Level 4.2 Spellcasting
 + Level 0.1 Conjurations
 - Level 2.0 Transmutations
 * Level 6.0 Earth Magic


You had 3 spell levels left.
You knew the following spells:

 Your Spells              Type           Power      Damage    Failure   Level
a - Sandblast             Erth           50%        2d12      1%          1
b - Passwall              Tmut/Erth      15%        N/A       4%          2
c - Stone Arrow           Conj/Erth      28%        3d8       12%         3
d - Petrify               Tmut/Erth      18%        N/A       28%         4

Your spell library contained the following spells:

 Spells                   Type           Power      Damage    Failure   Level
 Ignite Poison            Fire/Tmut/Pois 6%         N/A       32%         3
 Conjure Flame            Conj/Fire      4%         6-21      38%         3
 Sticky Flame             Conj/Fire      4%         2d3       80%         4


Dungeon Overview and Level Annotations

Branches:
Dungeon (4/15)             Temple (1/1) D:4

Altars:
Ashenzari
Cheibriados
Dithmenos
Elyvilon
Fedhas
Gozag
Makhleb
Nemelex Xobeh
Okawaru
Qazlal
Ru
Sif Muna
Trog
Uskayaw
Vehumet
Wu Jian
Xom
Yredelemnul
Zin
The Shining One


Innate Abilities, Weirdness & Mutations

You are immune to sickness and miasma.
Your stone body is resilient. (AC +4)
You are immune to poison.
You resist negative energy. (rN+)
You are resistant to electric shocks. (rElec)
You are resistant to unholy torment.
You are immune to petrification.


Message History

Aiming: Stone Arrow (quite dangerous; 12% risk of failure)
Press: ? - help, Shift-Dir - straight line, f - steam dragon
Aim: a steam dragon (68% to hit)
The stone arrow hits the steam dragon!
The steam dragon is moderately wounded.
The steam dragon barely misses you. The steam dragon claws you.
Unknown command.
Casting: Stone Arrow (quite dangerous; 12% risk of failure)
Confirm with . or Enter, or press ? or * to list all spells.
The spell is quite dangerous to miscast (12% risk of failure)!
Continue anyway?
Aiming: Stone Arrow (quite dangerous; 12% risk of failure)
Press: ? - help, Shift-Dir - straight line, f/p - steam dragon
Aim: a steam dragon (moderately wounded, 68% to hit)
You miscast Stone Arrow.
You are very lightly contaminated with residual magic.
Nothing appears to happen.
The steam dragon bites you. The steam dragon completely misses you.
Casting: Stone Arrow (quite dangerous; 12% risk of failure)
Confirm with . or Enter, or press ? or * to list all spells.
The spell is quite dangerous to miscast (12% risk of failure)!
Continue anyway?
Aiming: Stone Arrow (quite dangerous; 12% risk of failure)
Press: ? - help, Shift-Dir - straight line, f/p - steam dragon
Aim: a steam dragon (moderately wounded, 68% to hit)
The stone arrow hits the steam dragon.
The steam dragon is heavily wounded.
The steam dragon bites you but does no damage.
The steam dragon closely misses you.
Casting: Stone Arrow (quite dangerous; 12% risk of failure)
Confirm with . or Enter, or press ? or * to list all spells.
The spell is quite dangerous to miscast (12% risk of failure)!
Continue anyway?
Aiming: Stone Arrow (quite dangerous; 12% risk of failure)
Press: ? - help, Shift-Dir - straight line, f/p - steam dragon
Aim: a steam dragon (heavily wounded, 68% to hit)
The stone arrow misses the steam dragon.
The steam dragon completely misses you. The steam dragon closely misses you.
Unknown command.
The steam dragon breathes steam at you. The ball of steam hits you!!
Ouch! That really hurt!
You die...

######....####.## #
.....'....+.....###.##
######....###........#
###### #........#
#.)......#
#######........#
#.............##
#######'#############
.........# #.@§D...#
.........#
#(#..........
.........#
#.#########.#
.........# #).)....#
.........# #######.#
#########'## #...#.#
.# #.# #.#.#.# .# #.#
#.#.#.# .# #.####
#.###.###


You could see a steam dragon (catching breath).

Vanquished Creatures
  A black bear (D:4)
  A water moccasin skeleton (D:4)
  An iguana (D:4)
  4 gnolls
  3 worms
  6 orcs
  10 endoplasms
  4 giant cockroaches
  11 goblins
  8 hobgoblins
  3 jackals (D:1)
  3 quokkas
  7 ball pythons
  7 bats
  3 frilled lizards
  6 kobolds
  4 rats
82 creatures vanquished.

Notes
Turn   | Place    | Note
-------+----------+-------------------------------------------
     0 | D:1      | Zeld the Gargoyle Earth Elementalist began the quest for
                  | the Orb.
     0 | D:1      | Reached XP level 1. HP: 10/10 MP: 3/3
   281 | D:1      | Reached skill level 1 in Transmutations
   281 | D:1      | Reached XP level 2. HP: 14/15 MP: 5/5
   368 | D:1      | Learned a level 2 spell: Passwall
   396 | D:1      | Reached skill level 4 in Earth Magic
   935 | D:1      | Reached XP level 3. HP: 18/19 MP: 4/6
   940 | D:1      | Learned a level 3 spell: Stone Arrow
  2237 | D:3      | Reached XP level 4. HP: 24/24 MP: 4/8
  3015 | D:3      | Reached skill level 5 in Earth Magic
  3106 | D:3      | Reached XP level 5. HP: 28/28 MP: 3/9
  3250 | D:3      | Learned a level 4 spell: Petrify
  3648 | D:4      | Found a staircase to the Ecumenical Temple.
  3663 | Temple   | Entered the Ecumenical Temple
  3818 | Temple   | Became a worshipper of Vehumet
  4264 | D:4      | Noticed a black bear
  4272 | D:4      | Killed a black bear
  4273 | D:4      | Reached XP level 6. HP: 29/32 MP: 0/12
  4287 | D:4      | Reached skill level 6 in Earth Magic
  4569 | D:4      | Noticed a steam dragon
  4579 | D:4      | Killed from afar by a steam dragon

Illustrated notes

Levels and vault maps discovered:
D:1:      sevenhm_arrival_forest_fort_small_3, layout_basic
D:2:      layout_loops_ring
D:3:      layout_rooms
D:4:      layout_basic, temple_statues
Temple:   mainiacjoe_temple_big_plus

Skill      XL: |  1  2  3  4  5  6 |
---------------+-------------------+-----
Transmutations | 1 2 |  2.0
Earth Magic    | 4 5 6 |  6.0
Spellcasting   | 3 4 |  4.2
Dodging        | |  1.5
Stealth        | |  2.1
Conjurations   | |  0.1

Action                   |  1- 3 |  4- 6 || total
-------------------------+-------+-------++-------
Melee: Unarmed           |    40 |     4 ||    44
       Punch             |     1 |       ||     1
       Whip              |       |    53 ||    53
 Cast: Sandblast         |    47 |    38 ||    85
       Stone Arrow       |     4 |     7 ||    11
 Stab: Sleeping          |     3 |     2 ||     5
Armor: Robe              |    26 |    33 ||    59
Dodge: Dodged            |    39 |    48 ||    87
